 Dungeon Crawl Stone Soup version 0.30-a0-1112-gfb780f5df6 (webtiles) character file.

Game seed: 16588265603179104194

163 hwolsky the Shield-Bearer (level 5, -18/47 HPs)
             Began as a Minotaur Fighter on Apr 19, 2023.
             Was an Initiate of Okawaru.
             Demolished by BlasphemerAmon's ghost (20 damage)
             ... on level 3 of the Dungeon.
             The game lasted 00:06:14 (2425 turns).

hwolsky the Shield-Bearer (Minotaur Fighter)        Turns: 2425, Time: 00:06:14

Health: -18/47     AC:  7    Str: 23    XL:     5   Next: 20%
Magic:  4/4        EV:  9    Int:  5    God:    Okawaru [......]
Gold:   186        SH:  9    Dex:  9    Spells: 4/4 levels left

rFire   . . .      SeeInvis .    a - +0 war axe
rCold   . . .      Faith    .    c - +0 buckler
rNeg    . . .      Spirit   .    b - +0 scale mail
rPois   .          Reflect  +    (helmet restricted)
rElec   .          Rampage  .    (no cloak)
rCorr   .                        (no gloves)
Will    .....                    (no boots) Stlth
                                 h - amulet of reflection
HPRegen 0.27/turn                g - ring of flight
MPRegen 0.09/turn                (no ring)

@: flying
A: horns 2, retaliatory headbutt
a: Renounce Religion


You were on level 3 of the Dungeon.
You worshipped Okawaru.
Okawaru was noncommittal.
You visited 1 branch of the dungeon, and saw 3 of its levels.

You collected 186 gold pieces.

Inventory:

Hand Weapons
 a - a +0 war axe (weapon)
Armour
 b - a +0 scale mail (worn)
 c - a +0 buckler (worn)
Jewellery
 e - an amulet of faith
 g - a ring of flight (left hand)
 h - an amulet of reflection (around neck)
Wands
 i - a wand of flame (11)
Scrolls
 k - a scroll of summoning
Potions
 d - a potion of might
 f - 2 potions of curing
 j - a potion of heal wounds
 l - a potion of invisibility {unknown}
 m - a potion of haste {unknown}


   Skills:
 + Level 4.7 Fighting
 + Level 3.9 Axes
 + Level 4.7 Armour
 + Level 4.7 Shields


You had 4 spell levels left.
You didn't know any spells.
Your spell library contained the following spells:

 Spells                   Type           Power      Damage    Failure   Level
 Beastly Appendage        Tmut           0%         N/A       86%         1
 Ensorcelled Hibernation  Hex/Ice        0%         N/A       94%         2
 Lesser Beckoning         Tloc           0%         N/A       94%         2
 Passwall                 Tmut/Erth      0%         N/A       94%         2
 Wereblood                Tmut           0%         N/A       94%         2
 Gell's Gravitas          Tloc           0%         N/A       99%         3
 Spider Form              Tmut/Pois      0%         N/A       99%         3
 Swiftness                Air            0%         N/A       99%         3
 Teleport Other           Tloc           0%         N/A       99%         3


Dungeon Overview and Level Annotations

Branches:
Dungeon (3/15)

Altars:
Okawaru

Shops:
D:1 [

Annotations:
D:3 1 transporter, BlasphemerAmon's ghost, weakling NaRe


Innate Abilities, Weirdness & Mutations

You have a pair of horns on your head.
You reflexively headbutt those who attack you in melee.


Message History

The phantom completely misses you.
You closely miss the phantom. Your headbutt misses the phantom.
The phantom is moderately damaged.
The phantom closely misses you.
You closely miss the phantom.
The phantom is moderately damaged.
The phantom closely misses you. You block the phantom's attack.
You closely miss the phantom.
The phantom is moderately damaged.
You block the phantom's attack.
You closely miss the phantom.
The phantom is moderately damaged.
The phantom hits you.
You closely miss the phantom.
The phantom is moderately damaged.
The phantom hits you but does no damage.
The phantom hits you.
You slash the phantom! You headbutt the phantom.
The phantom is almost destroyed.
The phantom hits you but does no damage.
You hit the phantom but do no damage.
The phantom is almost destroyed.
You block the phantom's attack. The phantom hits you.
The phantom blinks!
You closely miss BlasphemerAmon's ghost.
BlasphemerAmon's ghost hits you!!
* * * LOW HITPOINT WARNING * * *
You hit BlasphemerAmon's ghost but do no damage.
Your headbutt misses BlasphemerAmon's ghost.
BlasphemerAmon's ghost hits you!
* * * LOW HITPOINT WARNING * * *
You slash BlasphemerAmon's ghost!
BlasphemerAmon's ghost is moderately damaged.
BlasphemerAmon's ghost hits you.
* * * LOW HITPOINT WARNING * * *
You block BlasphemerAmon's ghost's attack.
You completely miss BlasphemerAmon's ghost.
Your headbutt misses BlasphemerAmon's ghost.
BlasphemerAmon's ghost is moderately damaged.
BlasphemerAmon's ghost hits you!!
You die...

....#
#..#...........#..##......
#.###
#..#...........#..##...### ..#
#..#..###.###..#..##...... ###
#..#..#8#.#8#..#..###..###
#..#$..........#..###..#
#.©#!....W.....#©..##..#
#..#$...ZZZ.Z..#....#..#
#..#..#8#W#8#..#....)..#
#..#..###@###..#.......# ###
#..#...........#.......#
..######..#..........©#.......#
#.........#############.......#
#######.......................#
....# #.......................#
# ....#
##.......######.........###
....# #####......#
#.........##. ....#
####.####.###........##..


You could see a phantom, BlasphemerAmon's ghost, a wyvern zombie, a centaur
zombie and a centaur skeleton.

Vanquished Creatures
  Jessica (D:3)
  Ijyb (D:3)
  3 gnolls (D:3)
  5 orcs (D:3)
  3 ball pythons
  6 endoplasms
  5 giant cockroaches
  5 hobgoblins
  16 jackals
  2 quokkas
  3 bats
  4 frilled lizards
  4 goblins
  8 kobolds
  A rat (D:3)
67 creatures vanquished.

Notes
Turn   | Place    | Note
-------+----------+-------------------------------------------
     0 | D:1      | hwolsky the Minotaur Fighter began the quest for the Orb.
     0 | D:1      | Reached XP level 1. HP: 19/19 MP: 0/0
    19 | D:1      | Found Iheshroust's Armour Shop.
    86 | D:1      | Reached XP level 2. HP: 26/27 MP: 1/1
   366 | D:1      | Reached XP level 3. HP: 29/33 MP: 2/2
  1220 | D:2      | You are sucked into a shaft and drop 1 floor!
  1222 | D:3      | Noticed Ijyb
  1235 | D:3      | Killed Ijyb
  1236 | D:3      | Reached XP level 4. HP: 13/41 MP: 3/3
  1630 | D:3      | Found a transporter.
  1630 | D:3      | Noticed Jessica
  1637 | D:3      | Killed Jessica
  1638 | D:3      | Found a transporter.
  1638 | D:3      | Noticed BlasphemerAmon's ghost (weakling NaRe)
  1669 | D:3      | Noticed a phantom
  1697 | D:3      | Found an iron altar of Okawaru.
  1711 | D:3      | Became a worshipper of Warmaster Okawaru
  1740 | D:3      | Reached XP level 5. HP: 37/47 MP: 4/4
  2424 | D:3      | HP: 1/47 [BlasphemerAmon's ghost (6)]
  2425 | D:3      | Demolished by BlasphemerAmon's ghost

Illustrated notes

Levels and vault maps discovered:
D:1:      minmay_arrival_doors, layout_basic, serial_shops, shop,
          minmay_misc_feat_encased
D:2:      layout_rooms
D:3:      layout_basic, lemuel_doored_altar, gammafunk_ghost_mausoleum,
          kennysheep_big_empty_room, uniq_jessica, uniq_ijyb

Skill      XL: |  1  2 |
---------------+-------+-----
Armour         | 4 |  4.7
Shields        | 4 |  4.7
Fighting       | 4 |  4.7
Axes           | 3 |  3.9

Action                     |  1- 3 |  4- 6 || total
---------------------------+-------+-------++-------
  Melee: War axe           |    87 |    91 ||   178
         Headbutt          |    11 |     9 ||    20
    Use: Scroll            |     3 |     3 ||     6
         Potion            |       |     1 ||     1
 Armour: Scale mail        |    41 |    25 ||    66
  Dodge: Dodged            |    45 |    26 ||    71
  Block: Buckler           |    35 |    50 ||    85

Table legend: (Time is in decaauts)
 A = Elapsed time spent in this place.
 B = Non-inter-level travel time spent in this place.
 C = Inter-level travel time spent in this place.
 D = Time resting spent in this place.
 E = Time spent auto-exploring this place.
 F = Levels seen in this place.
 G = Mean time per level.
                   A        B        C        D        E       F      G
               +--------+--------+--------+--------+--------+-----+--------+
         Total |   2495 |   2408 |     87 |     62 |   1615 |   3 |  831.7 |
       Dungeon |   2495 |   2408 |     87 |     62 |   1615 |   3 |  831.7 |
               +--------+--------+--------+--------+--------+-----+--------+

Top non-repeatable levels by time:
     D:3: 1076 daAuts
     D:1: 1010 daAuts
     D:2: 408 daAuts
